 Dungeon Crawl Stone Soup version 0.30.1-11-g7821555f0a (webtiles) character file.

Game seed: 3935121814667742622

11009 lonewolfV2 the Warrior (level 11, -1/112 HPs)
             Began as a Minotaur Fighter on Nov 10, 2023.
             Slain by a boulder beetle (21 damage)
             ... on level 11 of the Dungeon.
             The game lasted 00:13:07 (10601 turns).

lonewolfV2 the Warrior (Minotaur Fighter)          Turns: 10601, Time: 00:13:08

Health: -1/112     AC: 12    Str: 23    XL:     11   Next: 43%
Magic:  10/10      EV: 13    Int:  5    God:
Gold:   999        SH: 11    Dex: 18    Spells: 10/10 levels left

rFire   . . .        a - +4 war axe
rCold   . . .        c - +0 buckler
rNeg    . . .        l - +0 chain mail
rPois   .            (helmet restricted)
rElec   .            (no cloak)
rCorr   .            w - +0 pair of gloves
SInv    .            (no boots)
Will    +....        F - amulet of reflection Stlth
                     n - +6 ring of dexterity
HPRegen 0.38/turn    u - ring of willpower
MPRegen 0.12/turn

%: reflection
@: no status effects
A: horns 2, retaliatory headbutt
a: no special abilities


You were on level 11 of the Dungeon.
You visited 1 branch of the dungeon, and saw 11 of its levels.

You collected 999 gold pieces.

Inventory:

Hand Weapons
 a - a +4 war axe (weapon)
Missiles
 f - 5 throwing nets (quivered)
Armour
 c - a +0 buckler (worn)
 l - a +0 chain mail (worn)
 w - a +0 pair of gloves (worn)
Jewellery
 i - an amulet of guardian spirit
 n - a +6 ring of dexterity (left hand)
 p - a ring of fire
 s - a ring of ice
 t - a ring of resist corrosion
 u - a ring of willpower (right hand)
 x - a ring of flight
 F - an amulet of reflection (around neck)
Wands
 o - a wand of paralysis (9)
 y - a wand of polymorph (3)
 z - a wand of iceblast (11)
 A - a wand of acid (13)
 G - a wand of digging (9)
 J - a wand of flame (3)
Scrolls
 b - 2 scrolls of noise
 e - 9 scrolls of teleportation
 j - 3 scrolls of fear
 k - 5 scrolls of identify
 m - a scroll of amnesia
 B - a scroll of blinking
 C - a scroll of enchant weapon
 D - a scroll of immolation
Potions
 d - a potion of heal wounds
 g - a potion of might
 h - 6 potions of haste
 q - 2 potions of magic
 r - 2 potions of lignification
 v - 4 potions of curing
 E - a potion of mutation
 I - a potion of brilliance
 K - a potion of cancellation
 L - a potion of flight
Miscellaneous
 H - a lightning rod (2/4)


   Skills:
 * Level 15.0 Fighting
 - Level 8.7 Axes
 - Level 8.4 Armour
 - Level 8.1 Dodging
 - Level 8.1 Shields


You had 10 spell levels left.
You didn't know any spells.
Your spell library contained the following spells:

 Spells                   Type           Power      Damage    Failure   Level
 Sandblast                Erth           0%         2d4       97%         1
 Sting                    Tmut/Pois      0%         1d3       97%         1
 Ensorcelled Hibernation  Hex/Ice        0%         N/A       99%         2
 Passwall                 Tmut/Erth      0%         N/A       99%         2
 Poisonous Vapours        Pois/Air       0%         N/A       99%         2
 Hailstorm                Conj/Ice       0%         3d3       100%        3
 Spider Form              Tmut/Pois      0%         N/A       100%        3
 Stone Arrow              Conj/Erth      0%         3d7       100%        3
 Vhi's Electric Charge    Tloc/Air       0%         N/A       100%        3
 Anguish                  Hex/Necr       0%         N/A       100%        4
 Ice Form                 Ice/Tmut       0%         N/A       100%        4
 Olgreb's Toxic Radiance  Pois           0%         N/A       100%        4
 Arcjolt                  Conj/Air       0%         1d10      100%        5
 Plasma Beam              Fire/Air       0%         2x1d11    100%        6
 Simulacrum               Ice/Necr       0%         N/A       100%        6


Dungeon Overview and Level Annotations

Branches:
Dungeon (11/15)            Temple (0/1) D:7            Lair (0/5) D:11
    Orc: D:9-12

Altars:
Uskayaw
Xom

Annotations:
D:10 3 runed translucent doors, Angrytalen2's ghost, journeyman GrMo; Janerl's ghost, novice GnHu


Innate Abilities, Weirdness & Mutations

You have a pair of horns on your head.
You reflexively headbutt those who attack you in melee.


Message History

You headbutt the boulder beetle, but do no damage.
The boulder beetle is moderately wounded.
You slash the fungus!
A nearby fungus withers and dies.
The boulder beetle bites you.
You hit the boulder beetle but do no damage.
You headbutt the boulder beetle, but do no damage.
The boulder beetle is moderately wounded.
A nearby fungus withers and dies.
The boulder beetle misses you.
You hit the boulder beetle. You headbutt the boulder beetle.
The boulder beetle is moderately wounded.
You block the boulder beetle's attack.
You hit the boulder beetle but do no damage.
You headbutt the boulder beetle!
The boulder beetle is heavily wounded.
The boulder beetle closely misses you.
You hit the boulder beetle but do no damage.
The boulder beetle is heavily wounded.
You block the boulder beetle's attack.
You slash the boulder beetle!
The boulder beetle is severely wounded.
You block the boulder beetle's attack.
You hit the boulder beetle but do no damage.
You headbutt the boulder beetle, but do no damage.
The boulder beetle is severely wounded.
The boulder beetle leaps!
The boulder beetle curls into a ball and begins rolling!
The boulder beetle hits you!!!
* * * LOW HITPOINT WARNING * * *
The boulder beetle stops rolling and uncurls.
You completely miss the boulder beetle.
The boulder beetle is severely wounded.
The boulder beetle closely misses you.
You hit the boulder beetle but do no damage.
You headbutt the boulder beetle, but do no damage.
The boulder beetle is heavily wounded.
You block the boulder beetle's attack.
You slash the boulder beetle!
The boulder beetle is severely wounded.
The boulder beetle bites you!!
You die...

.........###.##.####.........#
.......................†P..P..
.......#####.##.#####.†......P
.........................PP...
.......#####.##..........PPP..
.......# ### #.###......PP...
.......# ....##.###...P...P.PP
.......# ............PPP.P...P
.......# ...#.B@....PP..P..PP
. #.......P.P...P.. .
#........P..>PP.. .
##.##..P.....PPP #.
....P..PP.. ......P..P.PP
..........PP.. ###
###.##....P.P.. ... #.
###P..PP..


You could see a boulder beetle.

Vanquished Creatures
  2 two-headed ogres (D:9)
  Lodul (D:10)
  A manticore (D:7)
  A troll (D:9)
  Sigmund (D:3)
  A slime creature (D:7)
  A shadow (D:9)
  2 wyverns (D:8)
  11 yaks
  3 wraiths
  A steam dragon (D:8)
  An acid dragon (D:9)
  An ice beast (D:5)
  2 water moccasins (D:11)
  An orc warrior (D:8)
  A sky beast (D:7)
  5 black bears
  10 ogres
  2 centaurs
  3 phantoms (D:5)
  A kobold brigand (D:11)
  3 gnoll sergeants
  3 bullfrogs
  7 scorpions
  5 wights (D:8)
  13 killer bees
  3 howler monkeys
  10 jellies
  2 hounds
  6 orc priests
  3 gnoll boudas
  Ijyb (D:5)
  5 iguanas
  A sleepcap (D:7)
  16 orc wizards
  25 gnolls
  8 adders
  3 white imps
  3 worms
  3 dart slugs
  34 orcs
  7 ball pythons
  8 bats
  15 endoplasms
  8 giant cockroaches
  13 goblins
  4 hobgoblins
  10 jackals
  15 kobolds
  4 quokkas
  3 frilled lizards
  3 rats
296 creatures vanquished.

Vanquished Creatures (others)
  An orc wizard (D:4)
1 creature vanquished.

Grand Total: 297 creatures vanquished

Notes
Turn   | Place    | Note
-------+----------+-------------------------------------------
     0 | D:1      | lonewolfV2 the Minotaur Fighter began the quest for the
                  | Orb.
     0 | D:1      | Reached XP level 1. HP: 19/19 MP: 0/0
    38 | D:1      | Reached skill level 4 in Fighting
    41 | D:1      | Reached XP level 2. HP: 22/28 MP: 1/1
   383 | D:1      | Reached skill level 5 in Fighting
   386 | D:1      | Reached XP level 3. HP: 33/36 MP: 2/2
  1068 | D:2      | Found a shimmering altar of Xom.
  1148 | D:2      | Reached skill level 6 in Fighting
  1148 | D:2      | Reached XP level 4. HP: 39/44 MP: 3/3
  2061 | D:3      | Found a hide-covered altar of Uskayaw.
  2202 | D:3      | Reached skill level 7 in Fighting
  2202 | D:3      | Reached XP level 5. HP: 44/52 MP: 2/4
  2361 | D:3      | Noticed Sigmund
  2394 | D:3      | Killed Sigmund
  2395 | D:3      | Reached skill level 8 in Fighting
  2395 | D:3      | Reached XP level 6. HP: 12/62 MP: 0/5
  2953 | D:4      | Reached skill level 1 in Dodging
  2980 | D:4      | HP: 2/62 [something/puff of flame (8)]
  3310 | D:4      | Reached XP level 7. HP: 34/69 MP: 3/6
  3764 | D:4      | Found a shimmering altar of Xom.
  4017 | D:4      | Reached skill level 5 in Dodging
  4041 | D:5      | Entered Level 5 of the Dungeon
  4474 | D:5      | Reached XP level 8. HP: 75/75 MP: 7/7
  4679 | D:5      | Noticed Ijyb
  4689 | D:5      | Killed Ijyb
  4718 | D:5      | Reached skill level 5 in Armour
  5381 | D:6      | Identified the +1 ring mail of Kastohoso {Str+2}
  5665 | D:6      | Noticed a troll
  5834 | D:7      | Reached XP level 9. HP: 75/82 MP: 8/8
  6052 | D:7      | Reached skill level 5 in Axes
  6194 | D:7      | Found a flagged portal.
  6286 | D:7      | Found a staircase to the Ecumenical Temple.
  6320 | D:7      | Noticed a manticore
  6330 | D:7      | Killed a manticore
  6639 | D:7      | Reached skill level 5 in Shields
  7028 | D:8      | Reached XP level 10. HP: 69/90 MP: 7/9
  7996 | D:8      | Reached skill level 9 in Fighting
  8233 | D:9      | Noticed a two-headed ogre
  8234 | D:9      | Noticed a two-headed ogre
  8242 | D:9      | Killed a two-headed ogre
  8243 | D:9      | Reached skill level 10 in Fighting
  8246 | D:9      | Killed a two-headed ogre
  8247 | D:9      | Reached skill level 11 in Fighting
  8537 | D:9      | Reached skill level 12 in Fighting
  9136 | D:10     | Entered Level 10 of the Dungeon
  9381 | D:10     | Reached skill level 13 in Fighting
  9381 | D:10     | Reached XP level 11. HP: 65/107 MP: 10/10
  9532 | D:10     | Found a runed translucent gate.
  9533 | D:10     | Found a runed translucent gate.
  9535 | D:10     | Found a runed translucent gate.
  9536 | D:10     | Noticed Angrytalen2's ghost (journeyman GrMo)
  9536 | D:10     | Noticed Janerl's ghost (novice GnHu)
  9785 | D:10     | Noticed Lodul
  9795 | D:10     | Killed Lodul
  9796 | D:10     | Reached skill level 14 in Fighting
 10517 | D:11     | Found a staircase to the Lair.
 10576 | D:11     | Noticed a boulder beetle
 10579 | D:11     | Reached skill level 15 in Fighting
 10601 | D:11     | Slain by a boulder beetle

Illustrated notes

Levels and vault maps discovered:
D:1:      psy_arrival_conway, layout_basic, serial_bayou_pond_e,
          roderic_lattice_a
D:2:      layout_basic, basic_altar, kennysheep_generic_room_6
D:3:      layout_basic, mainiacjoe_overflow_small_starburst, uniq_sigmund
D:4:      layout_rooms, mainiacjoe_overflow_brackets
D:5:      layout_loops_ring, hangedman_minor_gate_pass, uniq_ijyb
D:6:      layout_cave_pools, lightli_corner_chamber
D:7:      lemuel_slime, layout_basic, minmay_temple_entry_drinking_statues,
          enter_bailey_3
D:8:      layout_basic
D:9:      layout_gridville
D:10:     layout_loops_cross, gammafunk_ghost_cemetery, uniq_lodul
D:11:     layout_basic, due_lair_maze_entry_diamond, bh_walls_and_bars,
          uniq_snorg

Skill      XL: |  1  2  3  4  5  6  7  8  9 10 11 |
---------------+----------------------------------+-----
Fighting       | 4 5 6 7 8 13 15 | 15.0
Dodging        | 3 7 8 |  8.1
Armour         | 8 |  8.4
Axes           | 8 |  8.7
Shields        | 6 8 |  8.1

Action                     |  1- 3 |  4- 6 |  7- 9 | 10-12 || total
---------------------------+-------+-------+-------+-------++-------
  Melee: War axe           |    66 |   143 |   281 |   219 ||   709
         Headbutt          |     8 |    21 |    64 |    53 ||   146
  Evoke: Lightning rod     |       |       |       |     4 ||     4
    Use: Scroll            |     5 |     3 |     8 |     6 ||    22
         Potion            |       |     5 |       |       ||     5
 Armour: Scale mail        |    22 |     9 |       |       ||    31
         Chain mail        |       |   110 |   153 |    84 ||   347
  Dodge: Dodged            |    41 |    44 |   155 |   160 ||   400
  Block: Buckler           |    14 |    38 |    71 |   148 ||   271
         Reflection        |       |       |       |     3 ||     3
